 Dungeon Crawl Stone Soup version 0.30-a0-614-ge5ea1257c2 (webtiles) character file.

Game seed: 9481142612007275464

4230 Oxelix the Cleaver (level 10, 0/90 HPs)
             Began as a Minotaur Fighter on Jan 9, 2023.
             Was a Priest of Makhleb.
             Killed by vampiric draining
             ... invoked by a vampire
              (14 damage)
             ... in a bailey.
             The game lasted 00:15:31 (5982 turns).

Oxelix the Cleaver (Minotaur Fighter)               Turns: 5982, Time: 00:15:32

Health: 0/90       AC: 19    Str: 24    XL:     10   Next: 9%
Magic:  9/9        EV:  6    Int:  5    God:    Makhleb [***...]
Gold:   390        SH: 16    Dex: 11    Spells: 9/9 levels left

rFire   . . .      SeeInvis .    a - +0 war axe
rCold   . . .      Faith    .    t - +1 kite shield {AC+3}
rNeg    . . .      Spirit   .    s - +0 plate armour
rPois   .          Reflect  +    (helmet restricted)
rElec   .          Harm     .    G - +0 cloak
rCorr   .          Rampage  .    (no gloves)
Will    .....                    p - +0 pair of boots Stlth
                                 E - amulet of reflection
HPRegen 0.35/turn                n - ring of flight
MPRegen 0.11/turn                A - +4 ring of slaying

@: flying
A: horns 2, retaliatory headbutt
a: Renounce Religion, Minor Destruction, Lesser Servant of Makhleb


You were in a bailey.
You worshipped Makhleb.
Makhleb was most pleased with you.
You visited 1 branch of the dungeon, and saw 7 of its levels.
You also visited: Ossuary and Bailey.

You collected 445 gold pieces.
You spent 55 gold pieces at shops.

Inventory:

Hand Weapons
 a - a +0 war axe (weapon)
Missiles
 i - 15 poisoned darts
 l - 2 javelins
 q - 5 boomerangs (quivered)
Armour
 p - a +0 pair of boots (worn)
 s - a +0 plate armour (worn)
 t - a +1 kite shield of protection (worn)
 z - the +3 leather armour "Guimom" {Dex+3}
   (You found it on level 3 of the Dungeon)

   Dex:       It affects your dexterity (+3).
 B - the +1 robe "Russawno" {rElec Str+3}
   (You found it on level 4 of the Dungeon)

   Str:       It affects your strength (+3).
   rElec:     It insulates you from electricity.
 G - a +0 cloak (worn)
 O - a +0 troll leather armour
Jewellery
 n - a ring of flight (left hand)
 A - a +4 ring of slaying (right hand)
 E - an amulet of reflection (around neck)
 K - an amulet of guardian spirit
Wands
 D - a wand of polymorph (9)
 M - a wand of light (9)
Scrolls
 c - a scroll of enchant weapon
 d - a scroll of vulnerability {unknown}
 e - a scroll of amnesia {unknown}
 g - 6 scrolls of teleportation
 m - 4 scrolls of poison
 v - 3 scrolls of magic mapping {unknown}
 x - a scroll of noise {unknown}
 y - 2 scrolls of blinking
 C - a scroll of torment {unknown}
 F - 5 scrolls of identify
 J - 2 scrolls of immolation
 L - 2 scrolls of fog {unknown}
 N - a scroll of summoning {unknown}
Potions
 b - 8 potions of curing
 f - a potion of haste {unknown}
 h - 7 potions of attraction
 j - 4 potions of ambrosia
 k - 7 potions of lignification
 o - 3 potions of brilliance {unknown}
 r - 4 potions of heal wounds {unknown}
 u - a potion of cancellation {unknown}
 w - 2 potions of flight
 H - a potion of might
 I - a potion of degeneration {unknown}
 P - a potion of mutation {unknown}


   Skills:
 + Level 8.7 Fighting
 * Level 11.3 Axes
 + Level 8.7 Armour
 + Level 8.7 Shields


You had 9 spell levels left.
You didn't know any spells.
Your spell library contained the following spells:

 Spells                   Type           Power      Damage    Failure   Level
 Portal Projectile        Hex/Tloc       0%         N/A       100%        3
 Tukima's Dance           Hex            0%         N/A       100%        3
 Blade Hands              Tmut           0%         N/A       100%        5


Dungeon Overview and Level Annotations

Branches:
Dungeon (7/15)            Ossuary (visited)          Bailey (1/1)
 Temple: D:4-7

Altars:
Makhleb

Shops:
D:2 ?   D:3 *   D:4 (


Innate Abilities, Weirdness & Mutations

You have a pair of horns on your head.
You reflexively headbutt those who attack you in melee.


Message History

You hit the vampire.
The vampire is heavily damaged.
You block the vampire's attack.
The vampire bites you but does no damage.
You barely miss the vampire. You headbutt the vampire.
The vampire is severely damaged.
The vampire draws life force from you!
The vampire is healed by the life force!
You hit the vampire but do no damage.
The vampire is moderately damaged.
You block the vampire's attack. x2
You hit the vampire.
The vampire is heavily damaged.
The vampire hits you but does no damage.
You block the vampire's attack.
You slash the vampire! Your headbutt misses the vampire.
The vampire is almost destroyed.
The vampire draws life force from you!!
The vampire is healed by the life force!
You slash the vampire!
The vampire is severely damaged.
The vampire draws life force from you!
* * * LOW HITPOINT WARNING * * *
The vampire is healed by the life force!
You hit the vampire but do no damage.
You headbutt the vampire, but do no damage.
The vampire is heavily damaged.
You block the vampire's attack.
The vampire bites you but does no damage.
You slash the vampire!
The vampire is almost destroyed.
You block the vampire's attack.
The vampire bites you but does no damage.
You feel better. The vampire draws life force from you!!
* * * LOW HITPOINT WARNING * * *
The vampire is healed by the life force!
You slash the vampire!
The vampire is severely damaged.
The vampire draws life force from you!
You die...

.. #++######## ... #.....8#88#
.... #......#..#
..♣...######......#..# ≈≈.#
#.............##...#..# ≈≈.#
#....♣.......##....#..# ≈≈.#
#..........V.#....##..# ≈≈
+.......♣.@.##..)##...# ≈
#.........)..##.))...8#
########..♣...♣)....##....#####
..............).)....#.).##...8
...........♣......♣..#..##.....
########.........♣♣..#..#...#
≈≈#...............♣..#..'..#
≈≈#...)...#'##.......#..'..#
≈≈#.......#).#####..8#..#...#


You could see a vampire.

Vanquished Creatures
  A cyclops (D:7)
  A gargoyle (Bailey)
  3 trolls (D:7)
  Sigmund (D:4)
  A wraith (D:6)
  Menkaure (D:7)
  2 orc warriors
  A black bear (D:5)
  3 ice beasts
  4 ogres
  Blork the orc (D:4)
  An elf zombie (Ossuary)
  3 kobold brigands
  A phantom (D:6)
  A bullfrog (D:6)
  3 scorpions
  A howler monkey (D:6)
  9 hounds
  2 orc priests (D:6)
  3 iguanas
  3 human zombies (Ossuary)
  5 orc wizards
  A hound zombie (Ossuary)
  4 mummies (Ossuary)
  4 gnolls (D:5)
  3 adders
  An adder zombie (Ossuary)
  A worm (D:2)
  2 dart slugs
  19 orcs
  4 ball pythons
  5 bats
  10 endoplasms
  2 giant cockroaches
  5 goblins
  8 hobgoblins
  2 jackals (D:2)
  15 kobolds
  4 quokkas
  4 frilled lizards
  2 goblin zombies (Ossuary)
  A hobgoblin zombie (Ossuary)
  A jackal zombie (Ossuary)
  A kobold zombie (Ossuary)
  10 orc zombies (Bailey)
  A quokka zombie (D:6)
  5 rats
  2 rat zombies
168 creatures vanquished.

Vanquished Creatures (others)
  14 plants
14 creatures vanquished.

Grand Total: 182 creatures vanquished

Notes
Turn   | Place    | Note
-------+----------+-------------------------------------------
     0 | D:1      | Oxelix the Minotaur Fighter began the quest for the Orb.
     0 | D:1      | Reached XP level 1. HP: 19/19 MP: 0/0
   384 | D:1      | Reached XP level 2. HP: 27/27 MP: 1/1
   456 | D:1      | Reached skill level 3 in Axes
   771 | D:2      | Found a faded altar of an unknown god.
   823 | D:2      | Reached XP level 3. HP: 32/33 MP: 2/2
  1091 | D:2      | Found Tezophy's Magic Scroll Boutique.
  1105 | D:2      | Bought a scroll of teleportation for 33 gold pieces
  1105 | D:2      | Bought a scroll of identify for 22 gold pieces
  1890 | D:3      | Found Ubenig's Assorted Antiques.
  1909 | D:3      | Identified the +3 leather armour "Guimom" {Dex+3}
  2049 | D:3      | Reached XP level 4. HP: 40/40 MP: 3/3
  2197 | D:4      | Reached skill level 4 in Axes
  2205 | D:4      | Identified the +1 robe "Russawno" {rElec Str+3}
  2233 | D:4      | Found Hithruo's Antique Weapon Shoppe.
  2282 | D:4      | Noticed a scorpion
  2289 | D:4      | Killed a scorpion
  2290 | D:4      | Reached XP level 5. HP: 47/47 MP: 4/4
  2301 | D:4      | Found a burning altar of Makhleb.
  2317 | D:4      | Became a worshipper of Makhleb the Destroyer
  2329 | D:4      | Noticed an ogre
  2332 | D:4      | Noticed Blork the orc
  2341 | D:4      | Killed an ogre
  2342 | D:4      | Reached skill level 5 in Axes
  2342 | D:4      | Reached XP level 6. HP: 9/55 MP: 5/5
  2342 | D:4      | Killed Blork the orc
  2343 | D:4      | Reached skill level 5 in Fighting
  2343 | D:4      | Reached skill level 5 in Armour
  2343 | D:4      | Reached skill level 5 in Shields
  2617 | D:4      | Noticed Sigmund
  2633 | D:4      | Killed Sigmund
  2634 | D:4      | Reached skill level 6 in Axes
  2634 | D:4      | Reached XP level 7. HP: 44/61 MP: 6/6
  2827 | D:4      | Identified the +7 short sword of the Revolution {freeze,
                  | rC+ Dex+5 Stlth+}
  3148 | D:5      | Entered Level 5 of the Dungeon
  3527 | D:5      | Reached skill level 7 in Axes
  3783 | D:6      | Reached XP level 8. HP: 58/70 MP: 7/7
  3935 | D:6      | Reached * piety under Makhleb
  3953 | D:6      | Reached skill level 8 in Axes
  4069 | D:6      | Found a sand-covered staircase.
  4076 | Ossuary  | Entered an ossuary
  4500 | D:6      | Reached ** piety under Makhleb
  4625 | D:6      | Reached skill level 9 in Axes
  4649 | D:6      | Reached XP level 9. HP: 48/79 MP: 8/8
  4798 | D:6      | Identified the +8 spear "Gisysel" {antimagic, *Slow Dex+7
                  | Stlth+}
  5075 | D:7      | Noticed Menkaure
  5082 | D:7      | Killed Menkaure
  5312 | D:7      | Reached skill level 10 in Axes
  5320 | D:7      | Noticed a troll
  5327 | D:7      | Killed a troll
  5348 | D:7      | Noticed a troll
  5355 | D:7      | Killed a troll
  5448 | D:7      | Noticed a cyclops
  5451 | D:7      | Noticed a troll
  5451 | D:7      | Noticed a troll
  5484 | D:7      | Killed a troll
  5610 | D:7      | Found a flagged portal.
  5657 | D:7      | Killed a cyclops
  5658 | D:7      | Reached skill level 11 in Axes
  5726 | D:7      | Reached XP level 10. HP: 86/90 MP: 9/9
  5742 | Bailey   | Entered a bailey
  5837 | Bailey   | Reached *** piety under Makhleb
  5843 | Bailey   | Noticed a gargoyle
  5852 | Bailey   | Killed a gargoyle
  5982 | Bailey   | Killed from afar by a vampire

Illustrated notes

Levels and vault maps discovered:
D:1:      dpeg_arrival_solitude, layout_rooms, nicolae_hexahallways,
          serial_park_tiny_1
D:2:      layout_loops_ring, ebering_ecumenical_altar_webs, serial_shops,
          nicolae_shop_hallway_stairs, minmay_misc_feat_cross, dk_vineyard_2
D:3:      layout_loops_cross, serial_shops, nicolae_shop_overgrown_old_shop
D:4:      layout_cave_pools, makhleb_heckhound_becter, serial_shops,
          nicolae_shop_trees, uniq_blork_the_orc, uniq_sigmund
D:5:      layout_gridville
D:6:      layout_loops_corners, enter_ossuary_4, nrook_mini_vaults
D:7:      layout_basic, lemuel_temple_firewalk_a, enter_bailey_5,
          minmay_shattered_shrine, uniq_menkaure
Bailey:   bailey_polearm_vampire_castle_hellmonk, bailey

Skill      XL: |  1  2  3  4  5  6  7  8  9 |
---------------+----------------------------+-----
Axes           | 3 4 5 6 7 9 11 | 11.3
Armour         | 4 5 6 7 8 |  8.7
Fighting       | 4 5 6 7 8 |  8.7
Shields        | 4 5 6 7 8 |  8.7

Action                   |  1- 3 |  4- 6 |  7- 9 | 10-12 || total
-------------------------+-------+-------+-------+-------++-------
Melee: War axe           |    94 |    45 |   208 |    39 ||   386
       Headbutt          |    11 |     7 |    41 |     4 ||    63
Throw: Boomerang         |     5 |    10 |    29 |     6 ||    50
       Dart              |       |       |     7 |     1 ||     8
  Use: Potion            |       |     1 |       |     1 ||     2
       Scroll            |       |     7 |     2 |       ||     9
Armor: Scale mail        |    27 |       |       |       ||    27
       Plate armour      |    12 |    31 |   117 |    15 ||   175
Dodge: Dodged            |    37 |     9 |    39 |       ||    85
Block: Buckler           |    17 |       |       |       ||    17
       Kite shield       |    13 |    32 |   217 |    32 ||   294
       Reflection        |       |       |    23 |       ||    23

Table legend: (Time is in decaauts)
 A = Elapsed time spent in this place.
 B = Non-inter-level travel time spent in this place.
 C = Inter-level travel time spent in this place.
 D = Time resting spent in this place.
 E = Time spent auto-exploring this place.
 F = Levels seen in this place.
 G = Mean time per level.
                   A        B        C        D        E       F      G
               +--------+--------+--------+--------+--------+-----+--------+
         Total |   6109 |   5924 |    185 |    926 |   3395 |   9 |  678.8 |
       Dungeon |   5695 |   5510 |    185 |    847 |   3281 |   7 |  813.6 |
       Ossuary |    168 |    168 |      0 |      0 |     86 |   1 |  168.0 |
        Bailey |    245 |    245 |      0 |     79 |     28 |   1 |  245.0 |
               +--------+--------+--------+--------+--------+-----+--------+

Top non-repeatable levels by time:
     D:6: 1117 daAuts
     D:4: 990 daAuts
     D:2: 848 daAuts
     D:1: 748 daAuts
     D:7: 712 daAuts
     D:5: 644 daAuts
     D:3: 633 daAuts
  Bailey: 245 daAuts
 Ossuary: 168 daAuts
